 Dungeon Crawl Stone Soup version 0.28.0-43-g3370ac3207 (webtiles) character file.

Game seed: 12805203542644780578

469 styxcanada the Magician (level 6, 0/33 HPs)
             Began as a Deep Elf Fire Elementalist on Mar 3, 2022.
             Slain by Duvessa
             ... wielding a +0 short sword
              (9 damage)
             ... on level 4 of the Dungeon.
             The game lasted 00:14:30 (3760 turns).

styxcanada the Magician (DEFE)                      Turns: 3760, Time: 00:14:30

Health: 0/33       AC:  3    Str:  5    XL:     6   Next: 82%
Magic:  13/16      EV: 11    Int: 28    God:
Gold:   135        SH:  0    Dex: 15    Spells: 8/16 levels left

rFire   . . .      SeeInvis .   e - +0 dagger
rCold   . . .      Faith    +   (no shield)
rNeg    . . .      Spirit   .   q - +0 leather armour {rPois}
rPois   +          Reflect  .   (no helmet)
rElec   .          Harm     .   (no cloak)
rCorr   .          Rampage  .   (no gloves)
Will    .....                   (no boots)
Stlth   +++.......              h - amulet of faith
HPRegen 0.11/turn               l - +6 ring of intelligence
MPRegen 0.15/turn               (no ring)

@: no status effects
A: no striking features
a: no special abilities


You were on level 4 of the Dungeon.
You visited 1 branch of the dungeon, and saw 4 of its levels.

You collected 135 gold pieces.

Inventory:

Hand Weapons
 e - a +0 dagger (weapon)
Missiles
 b - 76 stones
 c - 7 poisoned darts (quivered)
 g - 27 sling bullets
 p - 3 boomerangs
Armour
 q - a +0 leather armour of poison resistance (worn)
Jewellery
 h - an amulet of faith (around neck)
 l - a +6 ring of intelligence (left hand)
 n - a ring of ice
Scrolls
 d - a scroll of summoning {unknown}
 m - a scroll of enchant armour {unknown}
 r - a scroll of teleportation {unknown}
 s - a scroll of amnesia {unknown}
Potions
 a - 2 potions of lignification
 f - a potion of berserk rage
 i - a potion of haste
 j - 4 potions of curing {unknown}
 o - a potion of degeneration {unknown}


   Skills:
 + Level 0.4 Fighting
 + Level 1.0 Short Blades
 + Level 0.4 Throwing
 * Level 2.3 Armour
 + Level 2.5 Dodging
 * Level 5.1 Stealth
 + Level 5.5 Spellcasting
 * Level 1.8 Conjurations
 + Level 4.7 Fire Magic


You had 8 spell levels left.
You knew the following spells:

 Your Spells              Type           Power      Damage    Failure   Level
a - Foxfire               Conj/Fire      100%       2x1d9     2%          1
b - Scorch                Fire           68%        2d8       2%          2
c - Conjure Flame         Conj/Fire      26%        6-21      9%          3
d - Blink                 Tloc           14%        N/A       16%         2

Your spell library contained the following spells:

 Spells                   Type           Power      Damage    Failure   Level
 Animate Skeleton         Necr           14%        N/A       11%         1
 Pain                     Necr           28%        1d5       11%         1
 Inner Flame              Hex/Fire       21%        N/A       12%         3
 Flame Wave               Conj/Fire      26%        2d7       26%         4
 Lesser Beckoning         Tloc           7%         N/A       30%         3
 Vampiric Draining        Necr           7%         2d6       30%         3
 Manifold Assault         Tloc           7%         N/A       96%         5


Dungeon Overview and Level Annotations

Branches:
Dungeon (4/15)
 Temple: D:4-7

Altars:
Qazlal

Annotations:
D:4 Dowan, Duvessa, Edmund


Message History

A ball python comes into view.
You see here a +0 dagger.
Dowan, Brother of Duvessa comes into view.
He is wielding a +0 dagger.
Dowan shouts!
Edmund the Younger comes into view.
He is wielding a +4 flail of draining.
Duvessa, Sister of Dowan comes into view.
She is wielding a +0 short sword.
Casting: Scorch (safe; 2% risk of failure)
Confirm with . or Enter, or press ? or * to list all spells.
Flames lash the ball python.
You kill the ball python!
Edmund shouts!
Duvessa shouts!
Casting: Scorch (safe; 2% risk of failure)
Confirm with . or Enter, or press ? or * to list all spells.
Flames lash Dowan.
Dowan is moderately wounded.
Dowan's fire resistance burns away.
Dowan hits you with a +0 dagger.
A phantom comes into view.
An orc comes into view. It is wielding a +0 flail.
Dowan casts a spell at Duvessa.
Duvessa seems to speed up.
Dowan is no longer more vulnerable to fire.
Edmund clears his throat.
Edmund drinks a potion.
Edmund seems to grow stronger.
Duvessa hits you with a +0 short sword!
Duvessa says, "When magic and the sword combine, nothing stands against them."
Duvessa hits you with a +0 short sword.
Found 6 gold pieces.
Duvessa hits you but does no damage. Duvessa hits you with a +0 short sword.
Duvessa hits you with a +0 short sword.
Casting: Scorch (safe; 2% risk of failure)
Confirm with . or Enter, or press ? or * to list all spells.
Flames lash Duvessa.
Duvessa is lightly wounded.
Duvessa's fire resistance burns away.
Duvessa hits you but does no damage.
Dowan points at you and mumbles some strange words.
The puff of frost hits you.
* * * LOW HITPOINT WARNING * * *
Duvessa hits you with a +0 short sword!
You die...

#.....#............
#.....#.##.#####.#.
#.W.###.##.# ...
#...# #.##.# #..
#.o.# #.##.# ..
#...# #.##.# #.
#.e@# #.##.. .
#e..# #.#### #.
#.@.# #.# #. #...#
#.# #######. #..$#
#.# #....... #...#
#.# #....... #...#
#.# #....... #...#
#.# #.......
#######.# #.......
#...# #.......
#.######.......


You could see Edmund (strong), Duvessa (fast, combustible), a phantom, Dowan and
an orc.

Vanquished Creatures
  Sigmund (D:4)
  A black bear (D:4)
  An ogre (D:4)
  A bullfrog skeleton (D:4)
  An orc wizard (D:3)
  2 adders
  A dart slug (D:1)
  8 orcs (D:3)
  4 bats
  4 endoplasms
  2 giant cockroaches
  2 goblins (D:3)
  7 hobgoblins
  3 jackals (D:2)
  4 kobolds (D:2)
  4 quokkas
  8 ball pythons
  A frilled lizard (D:3)
  4 rats
59 creatures vanquished.

Vanquished Creatures (others)
  96 foxfires
96 creatures vanquished.

Grand Total: 155 creatures vanquished

Notes
Turn   | Place    | Note
-------+----------+-------------------------------------------
     0 | D:1      | styxcanada the Deep Elf Fire Elementalist began the quest
                  | for the Orb.
     0 | D:1      | Reached XP level 1. HP: 10/10 MP: 6/6
   296 | D:1      | Reached XP level 2. HP: 14/15 MP: 6/8
  1336 | D:2      | Reached XP level 3. HP: 13/19 MP: 6/10
  1476 | D:2      | Found a stormy altar of Qazlal.
  1846 | D:2      | Learned a level 2 spell: Scorch
  2756 | D:3      | Found a faded altar of an unknown god.
  2760 | D:3      | Reached XP level 4. HP: 16/24 MP: 10/12
  3175 | D:4      | Noticed a black bear
  3180 | D:4      | Reached skill level 1 in Armour
  3208 | D:4      | Killed a black bear
  3209 | D:4      | Reached XP level 5. HP: 20/28 MP: 5/13
  3328 | D:4      | Noticed Sigmund
  3340 | D:4      | Killed Sigmund
  3341 | D:4      | Reached skill level 1 in Short Blades
  3341 | D:4      | Reached skill level 5 in Spellcasting
  3341 | D:4      | Reached XP level 6. HP: 33/33 MP: 9/15
  3392 | D:4      | Learned a level 3 spell: Conjure Flame
  3456 | D:4      | Reached skill level 5 in Stealth
  3679 | D:4      | Learned a level 2 spell: Blink
  3738 | D:4      | Noticed Dowan
  3738 | D:4      | Noticed Edmund
  3738 | D:4      | Noticed Duvessa
  3760 | D:4      | Slain by Duvessa

Illustrated notes

Levels and vault maps discovered:
D:1:      amcnicky_arrival_choice, layout_loops_ring, nrook_loot_triangle,
          minmay_pentomino_x4
D:2:      layout_basic, basic_altar, hangedman_abyss_or_decor_lesser_grid,
          due_unseen_surprise
D:3:      layout_basic, hellmonk_ecumenical_altar_crossroads
D:4:      layout_basic, grunt_ministairs_2, uniq_sigmund, uniq_edmund,
          uniq_duvessa

Skill      XL: |  1  2  3  4  5  6 |
---------------+-------------------+-----
Stealth        | 3 4 5 |  5.1
Spellcasting   | 4 5 |  5.5
Armour         | 1 2 |  2.3
Fire Magic     | 4 |  4.7
Short Blades   | 1 |  1.0
Fighting       | |  0.4
Throwing       | |  0.4
Dodging        | |  2.5
Conjurations   | |  1.8

Action                   |  1- 3 |  4- 6 || total
-------------------------+-------+-------++-------
Melee: Dagger            |    23 |     6 ||    29
Throw: Dart              |       |     5 ||     5
 Cast: Foxfire           |    50 |     5 ||    55
       Scorch            |     1 |    21 ||    22
       Conjure Flame     |       |     1 ||     1
  Use: Scroll            |       |     3 ||     3
 Stab: Sleeping          |     3 |     3 ||     6
Armor: Leather armour    |     5 |     7 ||    12
Dodge: Dodged            |    18 |    11 ||    29
